 Dungeon Crawl Stone Soup version 0.29.1-2-gbd0b4ee654 (webtiles) character file.

Game seed: 1171312470214675755

70 zeram the Covered (level 4, -3/29 HPs)
             Began as a Gargoyle Fighter on Nov 30, 2022.
             Was an Initiate of Gozag.
             Slain by an ogre
             ... wielding a +0 giant spiked club
              (18 damage)
             ... on level 3 of the Dungeon.
             The game lasted 00:01:57 (2009 turns).

zeram the Covered (Gargoyle Fighter)                Turns: 2009, Time: 00:01:58

Health: -3/29      AC: 10    Str: 21    XL:     4   Next: 21%
Magic:  4/4        EV:  5    Int:  9    God:    Gozag
Gold:   171        SH: 11    Dex:  9    Spells: 3/3 levels left

rFire   . . .      SeeInvis .   a - +0 flail
rCold   . . .      Faith    .   g - +0 tower shield
rNeg    + . .      Spirit   .   b - +0 scale mail
rPois   ∞          Reflect  .   (no helmet)
rElec   +          Harm     .   (no cloak)
rCorr   .          Rampage  .   (no gloves)
Will    .....                   (no boots)
Stlth   ..........              (no amulet)
HPRegen 0.09/turn               (no ring)
MPRegen 0.09/turn               (no ring)

@: mighty
A: sickness immunity, AC +3, negative energy resistance 1, electricity
resistance, torment resistance 1, petrification resistance
a: Renounce Religion, Potion Petition, Call Merchant, Bribe Branch


You were on level 3 of the Dungeon.
You worshipped Gozag.
Gozag was aware of your devotion.
You visited 1 branch of the dungeon, and saw 3 of its levels.

You collected 195 gold pieces.
You paid 24 gold pieces to Gozag.

Inventory:

Hand Weapons
 a - a +0 flail (weapon)
Armour
 b - a +0 scale mail (worn)
 c - a +0 buckler
 g - a +0 tower shield (worn)
Jewellery
 m - a ring of see invisible
Scrolls
 f - 2 scrolls of amnesia
Potions
 e - 2 potions of heal wounds
 h - a potion of magic {unknown}
 j - a potion of flight {unknown}
 l - a potion of curing {unknown}
 n - a potion of cancellation {unknown}
 o - a potion of resistance {unknown}


   Skills:
 + Level 3.6 Fighting
 + Level 2.5 Maces & Flails
 + Level 4.5 Armour
 + Level 3.5 Shields


You had 3 spell levels left.
You didn't know any spells.
Your spell library contained the following spells:

 Spells                   Type           Power      Damage    Failure   Level
 Gell's Gravitas          Tloc           0%         N/A       100%        3
 Teleport Other           Tloc           0%         N/A       100%        3
 Dispersal                Tloc           0%         N/A       100%        6


Dungeon Overview and Level Annotations

Branches:
Dungeon (3/15)

Altars:
Gozag


Innate Abilities, Weirdness & Mutations

You are immune to sickness and miasma.
Your stone body is resilient. (AC +3)
You are immune to poison.
You resist negative energy. (rN+)
You are resistant to electric shocks. (rElec)
You are resistant to unholy torment.
You are immune to petrification.


Message History

No target in view!
No target in view!
No target in view!
You now have 171 gold pieces (gained 6).
You see here a +0 short sword.
You see here a +0 short sword.
Found a stone staircase leading down.
There is a stone staircase leading down here.
There is a stone staircase leading down here.
An ogre comes into view. It is wielding a +0 giant spiked club.
The ogre shouts!
An ogre is nearby!
An ogre is nearby!
An ogre is nearby!
An ogre is nearby!
An ogre is nearby!
You feel very mighty all of a sudden.
You barely miss the ogre.
The ogre hits you with a +0 giant spiked club!
Ouch! That really hurt!
You are too injured to fight recklessly!
You are too injured to fight recklessly!
You are too injured to fight recklessly!
You are too injured to fight recklessly!
You barely miss the ogre. You block the ogre's attack.
The ogre barely misses you.
Unknown command.
You sock the ogre!
The ogre is heavily wounded.
You block the ogre's attack.
Unknown command.
You hit the ogre.
The ogre is severely wounded.
The ogre barely misses you.
You sock the ogre!
The ogre is almost dead.
The ogre hits you with a +0 giant spiked club!!
Ouch! That really hurt!
You die...
Your body crumbles into a pile of gold.

.. ...# .#.## #..#
.##.. #..# .##..
#..# .##.# #..#
.##.# #..# .##.#
#O.# .##.# #@.#
.##.############..#
#.)...............#
.###############.##
## #.............#
# ##.#############
###...# ......#
###...#


You could see an ogre.

Vanquished Creatures
  3 gnolls (D:3)
  A dart slug (D:2)
  2 bats (D:2)
  An endoplasm (D:1)
  2 giant cockroaches (D:2)
  6 goblins
  5 hobgoblins
  7 kobolds
  5 ball pythons (D:2)
  A rat (D:1)
33 creatures vanquished.

Notes
Turn   | Place    | Note
-------+----------+-------------------------------------------
     0 | D:1      | zeram the Gargoyle Fighter began the quest for the Orb.
     0 | D:1      | Reached XP level 1. HP: 14/14 MP: 1/1
   349 | D:1      | Reached XP level 2. HP: 19/19 MP: 2/2
   601 | D:1      | You fall into a shaft and drop 1 floor!
  1039 | D:2      | Found an opulent altar of Gozag.
  1056 | D:2      | Reached XP level 3. HP: 23/23 MP: 3/3
  1058 | D:2      | Became a worshipper of Gozag Ym Sagoz the Greedy
  1552 | D:2      | Found a faded altar of an unknown god.
  1718 | D:3      | Reached skill level 4 in Armour
  1733 | D:3      | Reached XP level 4. HP: 22/29 MP: 4/4
  2001 | D:3      | Noticed an ogre
  2009 | D:3      | Slain by an ogre

Illustrated notes

Levels and vault maps discovered:
D:1:      dpeg_arrival_castle, layout_basic, minmay_tripent
D:2:      minmay_chambers_of_ones, layout_loops_corners, basic_altar,
          shapermc_ecumenical_altar_pompeii
D:3:      layout_loops_ring, serial_shops, shop_fountains

Skill      XL: |  1  2  3 |
---------------+----------+-----
Armour         | 4 |  4.5
Fighting       | |  3.6
Maces & Flails | |  2.5
Shields        | |  3.5

Action                   |  1- 3 |  4- 6 || total
-------------------------+-------+-------++-------
Melee: Flail             |    96 |    11 ||   107
  Use: Scroll            |     4 |       ||     4
       Potion            |       |     1 ||     1
Armor: Scale mail        |    42 |     1 ||    43
Dodge: Dodged            |    38 |     3 ||    41
Block: Buckler           |    13 |       ||    13
       Tower shield      |       |     6 ||     6
